 Dungeon Crawl Stone Soup version 0.21-a0-225-g207ae17 (webtiles) character file.

32 tidbits the Insei (level 2, -1/22 HPs)
             Began as a Demigod Transmuter on Aug 28, 2017.
             Killed from afar by a dart slug (5 damage)
             ... with a slug dart
             ... on level 1 of the Dungeon.
             The game lasted 00:03:13 (305 turns).

tidbits the Insei (Demigod Transmuter)               Turns: 305, Time: 00:03:14

Health: -1/22      AC:  2    Str: 10 (13) XL:     2   Next: 93%
Magic:  1/7        EV: 12    Int: 16 (17) God:
Gold:   60         SH:  0    Dex: 14 (16) Spells: 2/5 levels left

rFire    . . .     SeeInvis .     - Unarmed
rCold    . . .     Gourm    .   (no shield)
rNeg     . . .     Faith    .   b - +0 robe
rPois    .         Spirit   .   (no helmet)
rElec    .         Reflect  .   (no cloak)
rCorr    .         Harm     .   (no gloves)
MR       .....                  (no boots)
Stlth    +.........             (no amulet)
HPRegen  0.07/turn              (no ring)
MPRegen  0.10/turn              (no ring)

@: very slightly contaminated
A: high mp 1
a: no special abilities


You were on level 1 of the Dungeon.
You were not hungry.

You visited 1 branch of the dungeon, and saw 1 of its levels.

You collected 60 gold pieces.

Inventory:

Missiles
 a - 74 arrows
 i - a stone (quivered)
Armour
 b - a +0 robe (worn)
 k - a +0 ring mail
Scrolls
 e - a scroll of identify {unknown}
 g - 2 scrolls of teleportation
 l - a scroll of enchant weapon {unknown}
Books
 c - a book of Changes

   Spells                             Type                      Level
   a - Beastly Appendage              Transmutation                1
   b - Sticks to Snakes               Transmutation                2
   c - Spider Form                    Transmutation/Poison         3
   d - Ice Form                       Ice/Transmutation            4
   e - Blade Hands                    Transmutation                5
Comestibles
 d - a bread ration
 h - a chunk of flesh
 j - a meat ration


   Skills:
 - Level 0.8 Fighting
 - Level 1.7 Dodging
 + Level 3.2 Unarmed Combat
 - Level 2.0 Spellcasting
 + Level 2.4 Transmutations


You had 2 spell levels left.
You knew the following spells:

 Your Spells              Type           Power        Failure   Level  Hunger
e - Beastly Appendage     Tmut           #.....       8%          1    #......
k - Sticks to Snakes      Tmut           #.......     12%         2    ###....


Dungeon Overview and Level Annotations

Branches:
Dungeon (1/15)


Innate Abilities, Weirdness & Mutations

You have an increased reservoir of magic. (+10% MP)


Message History

Found a leather armour.
Casting: Sticks to Snakes
Confirm with . or Enter, or press ? or * to list all spells.
Your feet morph into talons.
You hit the rat.
You kill the rat!
You now have 37 gold pieces (gained 8).
There are no items here.
Your transformation is almost over.
Found 9 gold pieces.
g - 3 scrolls labeled TERA SAHOINGE (gained 1)
There are no items here.
A kobold comes into view.
What are your orders? t - Shout!
Orders for allies: a - Attack new target. r - Retreat! s - Stop attacking. g - Guard the area. f - Follow me.
Anything else - Cancel.
Gang up on whom?
Press: ? - help, Dir - move target cursor, f - kobold
Aim: a kobold (hasn't noticed you) Attack!
Your talons disappear.
Your adder barely misses the kobold.
The kobold closely misses your adder.
Your adder withers and dies!
Casting: Beastly Appendage
Confirm with . or Enter, or press ? or * to list all spells.
You create a snake!
You now have 56 arrows.
You swap places.
The kobold closely misses your ball python.
Your ball python barely misses the kobold.
Your ball python closely misses the kobold.
The kobold hits your ball python.
Your ball python dies!
Casting: Sticks to Snakes
Confirm with . or Enter, or press ? or * to list all spells.
You create a snake!
You now have 55 arrows.
Casting: Sticks to Snakes
Confirm with . or Enter, or press ? or * to list all spells.
You grow a pair of large bovine horns.
Your ball python barely misses the kobold.
Your ball python grabs the kobold.
Your ball python constricts the kobold.
You barely miss the kobold.
You headbutt the kobold, but do no damage.
The kobold hits you.
* * * LOW HITPOINT WARNING * * *
Your ball python bites the kobold.
Your ball python constricts the kobold.
You catch the helpless kobold completely off-guard!
You hit the kobold.
You kill the kobold!
Your transformation is almost over.
You now have 46 gold pieces (gained 9).
There are no items here.
Found 14 gold pieces.
You swap places.
l - a scroll labeled YFYMIGR BIOB YSY You see here a kobold corpse.
Your horns disappear.
You now have 60 gold pieces (gained 14).
Found 19 arrows.
You swap places.
Found a leather armour and 13 gold pieces.
A kobold comes into view.
The kobold shouts!
A rat comes into view.
You see here 19 arrows.
a - 74 arrows (gained 19)
Casting: Beastly Appendage
Confirm with . or Enter, or press ? or * to list all spells.
You miscast Sticks to Snakes.
You are very lightly contaminated with residual magic.
You feel a strange surge of energy!
Casting: Sticks to Snakes
Confirm with . or Enter, or press ? or * to list all spells.
You miscast Sticks to Snakes.
You feel a strange surge of energy!
A goblin comes into view. It is wielding a dagger of holy wrath.
Casting: Sticks to Snakes
Confirm with . or Enter, or press ? or * to list all spells.
You don't have enough magic to cast that spell.
You closely miss the kobold.
Your ball python closely misses the kobold.
Your ball python grabs the kobold.
Your ball python constricts the kobold.
The kobold hits you.
* * * LOW HITPOINT WARNING * * *
You hit the kobold.
You kill the kobold!
Your ball python withers and dies!
It was a potion of degeneration.
There was something very wrong with that liquid.
You feel weakened.
You feel dopey.
You feel clumsy. The rat bites you but does no damage.
As you read the scroll labeled TERA SAHOINGE, it crumbles to dust.
You feel strangely unstable.
It was a scroll of teleportation.
The rat bites you but does no damage.
Your surroundings suddenly seem different.
The dart slug launches a dart at you. The slug dart hits you!
You die...

#..### #.##.#... ......
#.....##.#....#.
......###.###..#.#..###.
...?....................
.....(..$.......gr..###.
..............†.##...###
...............####..###
..............w# #...#.
.......@.......####...#.
........................
####....[........###.#..
#....................
#...........#.###....
#....................
##...................
#.............######
....$.....# ##..


You could see a dart slug.

Vanquished Creatures
  An ooze (D:1)
  2 bats (D:1)
  A giant cockroach (D:1)
  2 kobolds (D:1)
  15 rats (D:1)
21 creatures vanquished.

Vanquished Creatures (collateral kills)
  A gnoll (D:1)
  A goblin (D:1)
  A frilled lizard (D:1)
  A rat (D:1)
4 creatures vanquished.

Grand Total: 25 creatures vanquished

Notes
Turn   | Place    | Note
-------+----------+-------------------------------------------
     0 | D:1      | tidbits the Demigod Transmuter began the quest for the Orb.
     0 | D:1      | Reached XP level 1. HP: 15/15 MP: 5/5
    38 | D:1      | Reached skill level 2 in Spellcasting
    92 | D:1      | Reached skill level 2 in Transmutations
    98 | D:1      | Reached skill level 3 in Unarmed Combat
    98 | D:1      | Reached XP level 2. HP: 10/22 MP: 2/7
   113 | D:1      | Learned a level 2 spell: Sticks to Snakes
   180 | D:1      | HP: 1/22 [gnoll/spear (6)]
   305 | D:1      | Killed from afar by a dart slug

Vault maps used:
D:1:      erik_arrival_orb_chamber

Skill      XL: |  1 |
---------------+----+-----
Spellcasting   | 2 |  2.0
Transmutations | 2 |  2.4
Unarmed Combat | 3 |  3.2
Fighting       | |  0.8
Dodging        | |  1.7

Action                   || total
-------------------------++-------
Melee: Unarmed           ||    45
       Headbutt          ||     5
       Kick              ||     2
       Punch             ||     1
 Cast: Beastly Appendage ||    10
       Sticks to Snakes  ||     5
  Use: Potion            ||     2
       Scroll            ||     1
 Stab: Distracted        ||     1
Armor: Robe              ||     6
Dodge: Dodged            ||    20

Table legend:
 A = Spawn XP
 B = Non-spawn XP
 C = Spawn XP percentage of total XP
 D = Spawn monster count
 E = Non-spawn monster count
 F = Spawn count percentage of total count
 G = Total turns spent on level
                    A         B        C        D         E        F      G
               +---------+---------+-------+---------+---------+-------+---------
         Total |       1 |      45 |   2.2 |       1 |      24 |   4.0 |   305
               +---------+---------+-------+---------+---------+-------+---------
           D:1 |       1 |      45 |   2.2 |       1 |      24 |   4.0 |   305
               +---------+---------+-------+---------+---------+-------+---------

Table legend:
 A = Turns spent in this place as a percentage of turns spent in the entire game.
 B = Non-inter-level travel turns spent in this place as a percentage of non-inter-level travel turns spent in the entire game.
 C = Inter-level travel turns spent in this place as a percentage of turns spent in this place.
 D = Turns resting spent in this place as a percentage of non-inter-level travel turns spent in this place.
 E = Turns spent auto-exploring this place as a percentage of non-inter-level travel turns spent in this place.
 F = Non-inter-level travel turns spent in this place divided by the number of levels of this place that you've seen.
                   A       B       C       D       E      F
               +-------+-------+-------+-------+-------+----------------------
         Total | 100.0 | 100.0 |   0.0 |   0.0 |   0.0 | 305.0
       Dungeon | 100.0 | 100.0 |   0.0 |   0.0 |   0.0 | 305.0
               +-------+-------+-------+-------+-------+----------------------

Table legend:
 A = Kills in this place as a percentage of kills in entire the game.
 B = Kills by you in this place as a percentage of kills by you in the entire game.
 C = Kills by friends in this place as a percentage of kills by friends in the entire game.
 D = Other kills in this place as a percentage of other kills in the entire game.
 E = Experience gained in this place as a percentage of experience gained in the entire game.
 F = Experience gained in this place divided by the number of levels of this place that you have seen.
                   A       B       C       D       E      F
               +-------+-------+-------+-------+-------+----------------------
         Total | 100.0 | 100.0 | 100.0 |   N/A | 100.0 |  46.0
       Dungeon | 100.0 | 100.0 | 100.0 |   N/A | 100.0 |  46.0
               +-------+-------+-------+-------+-------+----------------------

Vault maps used:
D:1:      erik_arrival_orb_chamber
